 Dungeon Crawl Stone Soup version 0.20-a0-4-gd166d5d (webtiles) character file.

391 sveltemanboy the Ruffian (level 6, -9/44 HPs)
             Began as a Demonspawn Gladiator on Oct 31, 2016.
             Mangled by Zorot's ghost (19 damage)
             ... on level 4 of the Dungeon.
             The game lasted 00:07:23 (3202 turns).

sveltemanboy the Ruffian (Demonspawn Gladiator)     Turns: 3202, Time: 00:07:23

Health: -9/44      AC:  5    Str: 20    XL:     6   Next: 50%
Magic:  0/6        EV: 13    Int: 15    God:
Gold:   133        SH:  0    Dex: 13    Spells: 0 memorised, 5 levels left

rFire  . . .     SeeInvis .       - Unarmed
rCold  . . .     Gourm    .     b - +1 leather armour of Shadows and Fog {Slay+3}
rNeg   . . .     Faith    .     (no shield)
rPois  +         Spirit   +     c - +0 helmet
rElec  .         Reflect  .     (no cloak)
rCorr  .         Harm     .     (no gloves)
MR     .....                    (no boots)
Stlth  +.........               (no amulet)
                                a - +3 ring of intelligence
                                g - ring of poison resistance

@: mighty
A: claws 1, magic shield, magic regeneration
a: no special abilities


You were on level 4 of the Dungeon.
You were not hungry.

You visited 1 branch of the dungeon, and saw 4 of its levels.

You collected 133 gold pieces.

Inventory:

Missiles
 d - 4 throwing nets (quivered)
Armour
 b - the +1 leather armour of Shadows and Fog (worn) {Slay+3}
   (You found it on level 4 of the Dungeon)

   It affects your accuracy and damage with ranged weapons and melee attacks
   (+3).
 c - a +0 helmet (worn)
Jewellery
 a - a +3 ring of intelligence (right claw)
 g - a ring of poison resistance (left claw)
Wands
 o - a wand of iceblast (7/15)
Scrolls
 j - a scroll of fear
 k - a scroll of noise {unknown}
 l - 2 scrolls of remove curse
 m - 3 scrolls of identify {unknown}
 p - a scroll of teleportation
 s - a scroll of recharging {unknown}
Comestibles
 f - 4 bread rations
 i - a slice of pizza
 q - 5 fruits


   Skills:
 - Level 2.0 Fighting
   Level 3.0 Polearms
 - Level 1.7 Throwing
 - Level 1.0 Armour
 + Level 3.7 Dodging
 * Level 5.0 Unarmed Combat


You had 5 spell levels left.
You didn't know any spells.

Dungeon Overview and Level Annotations

Branches:
Dungeon (4/15)
 Temple: D:4-7

Altars:

Annotations:
D:4 Zorot's ghost, amateur TrBe


Innate Abilities, Weirdness & Mutations

You have sharp fingernails.
When hurt, damage is shared between your health and your magic reserves.
You regenerate magic rapidly.


Message History

It was a potion of heal wounds.
You feel much better. Zorot's ghost hits you!!
You claw Zorot's ghost! x2
Zorot's ghost is moderately damaged.
Zorot's ghost barely misses you.
You closely miss Zorot's ghost.
Zorot's ghost is moderately damaged.
Zorot's ghost closely misses you.
You claw Zorot's ghost!
Zorot's ghost is moderately damaged.
Zorot's ghost hits you!
You claw Zorot's ghost!
Zorot's ghost is severely damaged.
You scratch Zorot's ghost.
Zorot's ghost is severely damaged.
Zorot's ghost hits you!
* * * LOW HITPOINT WARNING * * *
You feel better. Zorot's ghost hits you!
* * * LOW HITPOINT WARNING * * *
You feel better. Zorot's ghost hits you!!
You die...

. #. ##'# ### ##...##
#.. ##.....## #.### #
##.......## #.#.#.##.#
#.........###........#
+.........'W@(........
#.........###....#...#
#.......## #.#.## #
##.....## #.....
##...## #....... ##'##
##.##### #.# .# #.# .#
##.##


You could see Zorot's ghost.

Vanquished Creatures
  Sigmund (D:3)
  A scorpion (D:4)
  A hound (D:4)
  Robin (D:2)
  4 adders
  An ooze (D:2)
  3 worms
  2 dart slugs
  4 leopard geckos
  4 giant cockroaches
  19 goblins
  13 hobgoblins
  8 jackals
  10 bats
  2 frilled lizards
  4 kobolds
  5 rats
83 creatures vanquished.

Notes
Turn   | Place    | Note
-------+----------+-------------------------------------------
     0 | D:1      | sveltemanboy the Demonspawn Gladiator began the quest for the Orb.
     0 | D:1      | Reached XP level 1. HP: 16/16 MP: 1/1
    85 | D:1      | Gained mutation: You have sharp fingernails. [demonic ancestry]
    85 | D:1      | Reached XP level 2. HP: 13/22 MP: 2/2
   318 | D:1      | Reached skill level 1 in Armour
   561 | D:1      | Reached skill level 1 in Unarmed Combat
   824 | D:2      | Reached XP level 3. HP: 26/27 MP: 3/3
  1049 | D:2      | Reached skill level 2 in Unarmed Combat
  1534 | D:2      | Gained mutation: When hurt, damage is shared between your health and your magic reserves. [demonic ancestry]
  1534 | D:2      | Reached XP level 4. HP: 32/33 MP: 4/4
  1712 | D:2      | Noticed Robin
  1874 | D:2      | Reached skill level 3 in Unarmed Combat
  1899 | D:2      | Killed Robin
  2359 | D:3      | Gained mutation: You regenerate magic rapidly. [demonic ancestry]
  2359 | D:3      | Reached XP level 5. HP: 38/38 MP: 5/5
  2589 | D:3      | Noticed Sigmund
  2605 | D:3      | Killed Sigmund
  2605 | D:3      | Reached skill level 4 in Unarmed Combat
  2605 | D:3      | Reached XP level 6. HP: 44/44 MP: 6/6
  3056 | D:4      | Got a scorched leather armour
  3071 | D:4      | Identified the +1 leather armour of Shadows and Fog {Slay+3} (You found it on level 4 of the Dungeon)
  3138 | D:4      | Reached skill level 5 in Unarmed Combat
  3191 | D:4      | Noticed Zorot's ghost (amateur TrBe)
  3201 | D:4      | HP: 1/44 [Zorot's ghost (8)]
  3202 | D:4      | Mangled by Zorot's ghost

Vault maps used:
D:1:      saegor_arrival_simple_e
D:2:      kennysheep_goblin_castle, first_bread, minmay_ruptured
D:3:      uniq_sigmund
D:4:      serial_shops, shop, fedhas_bush_and_centaur_altar

Skill      XL: |  1  2  3  4  5  6 |
---------------+-------------------+-----
Polearms       | 3 |  3.0
Armour         | 1 |  1.0
Unarmed Combat | 1 2 3 4 5 |  5.0
Dodging        | 3 |  3.7
Fighting       | |  2.0
Throwing       | |  1.7

Action                   |  1- 3 |  4- 6 || total
-------------------------+-------+-------++-------
Melee: Trident           |    32 |       ||    32
       Unarmed           |   159 |   158 ||   317
       Punch             |       |     3 ||     3
Throw: Throwing net      |     1 |     3 ||     4
Evoke: Wand              |       |     2 ||     2
  Use: Scroll            |       |     4 ||     4
       Potion            |       |     5 ||     5
  Eat: Chunk             |     2 |     6 ||     8
Armor: Leather armour    |    22 |       ||    22
       Ring mail         |    34 |    52 ||    86
Dodge: Dodged            |   130 |    70 ||   200
